 Dungeon Crawl Stone Soup version bcrawl-1.15-1-g696c4cd9b6 (webtiles) character file.

Game seed: 2377099595083100780

275904 cunnyseurTrue the Spry (level 21, -14/137 HPs)
             Began as a Kobold Hunter on Sept 24, 2019.
             Was the Champion of Hepliaklqana.
             Killed from afar by a lich (37 damage)
             ... with a lance of force
             ... on level 3 of the Vaults.
             The game lasted 01:59:52 (52606 turns).

cunnyseurTrue the Spry (Kobold Hunter)             Turns: 52606, Time: 01:59:52

Health: -14/137    AC: 30    Str: 15    XL:     21   Next: 21%
Magic:  0/28       EV: 24    Int: 11    God:    Hepliaklqana [******]
Gold:   320        SH: 11    Dex: 27    Spells: 20/20 levels left

rFire    . . .     SeeInvis .   a - +7 short sword (elec)
rCold    + . .     Gourm    .   U - +0 buckler {reflect}
rNeg     + + +     Faith    .   V - +4 chain mail {rPois}
rPois    +         Spirit   +   W - +1 hat
rElec    .         Reflect  +   p - +2 ratskin cloak {+Rats rPois rN+ Str-1 Int-1 Dex+1}
rCorr    .         Harm     .   l - +0 pair of fencer's gloves {Riposte Dex+6}
MR       ++...                  (no boots)
Stlth    ++++......             S - amulet of guardian spirit
HPRegen  0.32/turn              k - +6 ring of protection
MPRegen  0.21/turn              Q - ring "Fotwen" {rC+ rN++ MR+}

@: very slightly contaminated
A: small, reduced essence, talons 1, molten scales 1, carnivore, mutation
resistance 1, MP-powered wands
}: 2/15 runes: decaying, gossamer
a: Recall Ancestor, Ancestor Identity, Transference, Incarnate, Renounce
Religion, Evoke Ratskin


You were on level 3 of the Vaults.
You worshipped Hepliaklqana.
Hepliaklqana was exalted by your worship.
You were not hungry.

You visited 7 branches of the dungeon, and saw 29 of its levels.
You visited the Abyss 1 time.
You also visited: Ice Cave and Desolation.

You collected 3903 gold pieces.
You spent 3583 gold pieces at shops.

Inventory:

Hand Weapons
 a - a +7 short sword of electrocution (weapon)
 b - a +1 fustibalus of velocity
Missiles
 d - 3076 sling bullets
 w - 293 poisoned tomahawks (quivered)
Armour
 l - the +0 pair of fencer's gloves (worn) {Riposte Dex+6}
   (You found it in an ice cave)

   It affects your dexterity (+6).
 p - the +2 ratskin cloak (worn) {+Rats rPois rN+ Str-1 Int-1 Dex+1}
   (You bought it in a shop in the Orcish Mines)

   It affects your strength (-1).
   It affects your intelligence (-1).
   It affects your dexterity (+1).
   It protects you from poison.
   It protects you from negative energy.
 H - a +0 shield
 J - the +2 pair of boots of a bazaar {rElec rF- rCorr Stlth+}
   (You found it on level 2 of the Swamp)

   It makes you vulnerable to fire.
   It insulates you from electricity.
   It provides partial protection from all sources of acid and corrosion.
   It makes you more stealthy.
 U - a +0 buckler of reflection (worn)
 V - a +4 chain mail of poison resistance (worn)
 W - a +1 hat (worn)
Jewellery
 k - a +6 ring of protection (left hand)
 m - the ring "Vepyih" {rC+ Dex+2}
   (You found it in the Desolation of Salt)

   [ring of protection from cold]

   It affects your dexterity (+2).
   It protects you from cold.
 o - the ring of the Lich-sworn {*Contam rPois rN+ Str+4 Dex+4}
   (You found it on level 1 of the Lair of Beasts)

   [ring of dexterity]

   It affects your strength (+4).
   It affects your dexterity (+4).
   It protects you from poison.
   It protects you from negative energy.
   It causes magical contamination when unequipped.
 C - a +5 ring of strength
 M - the ring of Bockomit {rElec MR+ Int+6 Dex+3 Stlth-}
   (You found it in the Desolation of Salt)

   [ring of insulation]

   It affects your intelligence (+6).
   It affects your dexterity (+3).
   It insulates you from electricity.
   It affects your resistance to hostile enchantments.
   It makes you less stealthy.
 N - an uncursed ring of insulation
 Q - the ring "Fotwen" (right hand) {rC+ rN++ MR+}
   (You found it in the Desolation of Salt)

   [ring of protection from magic]

   It protects you from cold.
   It greatly protects you from negative energy.
   It affects your resistance to hostile enchantments.
 S - an amulet of guardian spirit (around neck)
 T - an uncursed amulet of rage
 X - an uncursed ring of protection from cold
Wands
 e - a wand of paralysis (16)
 z - a wand of digging (29)
 D - a wand of enslavement (17)
 O - a wand of acid (1)
Scrolls
 c - 2 scrolls of brand weapon
 q - 4 scrolls of immolation
 r - 5 scrolls of blinking
 v - 4 scrolls of silence
 y - a scroll of fear
 A - 6 scrolls of enchant armour
 E - 8 scrolls of remove curse
 F - 5 scrolls of summoning
 L - 2 scrolls of teleportation
 Z - 7 scrolls of magic mapping
Potions
 g - 6 potions of flight
 h - 2 potions of cancellation
 j - 4 potions of heal wounds
 n - 3 potions of berserk rage
 s - 6 potions of brilliance
 t - 2 potions of magic
 u - 3 potions of might
 B - a potion of resistance
 G - 4 potions of haste
 I - 13 potions of curing
 K - 6 potions of mutation
 P - 7 potions of ambrosia
 R - a potion of invisibility
Miscellaneous
 i - a fan of gales (inert)
 x - a phial of floods (inert)
 Y - a lightning rod (4/4)
Comestibles
 f - 42 rations {!d}


   Skills:
 - Level 16.0 Fighting
 + Level 14.4(14.8) Short Blades
   Level 4.3(8.7) Long Blades
 + Level 13.4 Slings
 - Level 12.0 Armour
 + Level 19.0 Dodging
 - Level 16.0 Stealth
 + Level 15.2 Shields
 - Level 6.0 Invocations
 - Level 10.0 Evocations


You had 20 spell levels left.
You didn't know any spells.
Your spell library contained the following spells:

 Spells                   Type           Power        Failure   Level  Hunger
 Animate Skeleton         Necr           N/A          98%         1    ##.....
 Apportation              Tloc           #.....       98%         1    ##.....
 Beastly Appendage        Tmut           #.....       98%         1    ##.....
 Corona                   Hex            #......      98%         1    ##.....
 Flame Tongue             Conj/Fire      #....        98%         1    ##.....
 Infusion                 Chrm           #.......     98%         1    ##.....
 Magic Dart               Conj           #...         98%         1    ##.....
 Pain                     Necr           #...         98%         1    ##.....
 Sandblast                Erth           #.....       98%         1    ##.....
 Slow                     Hex            #.......     98%         1    ##.....
 Summon Butterflies       Summ           #.......     98%         1    ##.....
 Blink                    Tloc           N/A          99%         2    ###....
 Call Imp                 Summ           #.......     99%         2    ###....
 Corpse Rot               Necr           N/A          99%         2    ###....
 Ensorcelled Hibernation  Hex/Ice        #.....       99%         2    ###....
 Flaming Arrows           Chrm/Fire      #.......     99%         2    ###....
 Passwall                 Tmut/Erth      #.......     99%         2    ###....
 Searing Ray              Conj           #.....       99%         2    ###....
 Shackle                  Hex            #.......     99%         2    ###....
 Sticks to Snakes         Tmut           #.......     99%         2    ###....
 Swiftness                Chrm/Air       #.......     99%         2    ###....
 Confuse                  Hex            #.......     100%        3    ####...
 Conjure Flame            Conj/Fire      #.......     100%        3    ####...
 Dazzling Spray           Conj/Hex       #.....       100%        3    ####...
 False Image              Hex/Summ       #.......     100%        3    ####...
 Inner Flame              Hex/Fire       N/A          100%        3    ####...
 Iskenderun's Mystic Bla  Conj           #.......     100%        3    ####...
 Mephitic Cloud           Conj/Pois/Air  #.......     100%        3    ####...
 Ozocubu's Armour         Chrm/Ice       #.......     100%        3    ####...
 Recall                   Summ/Tloc      N/A          100%        3    ####...
 Regeneration             Chrm/Necr      #.........   100%        3    ####...
 Spider Form              Tmut/Pois      #..          100%        3    ####...
 Stone Arrow              Conj/Erth      #.....       100%        3    ####...
 Teleport Other           Tloc           #.......     100%        3    ####...
 Vampiric Draining        Necr           #.........   100%        3    ####...
 Animate Dead             Necr           N/A          100%        4    #####..
 Cause Fear               Hex            #.........   100%        4    #####..
 Fulminant Prism          Conj/Hex       #.........   100%        4    #####..
 Ice Form                 Ice/Tmut       #.......     100%        4    #####..
 Olgreb's Toxic Radiance  Pois           #.......     100%        4    #####..
 Petrify                  Tmut/Erth      #.......     100%        4    #####..
 Sticky Flame             Conj/Fire      #.......     100%        4    #####..
 Summon Scorpions         Summ/Pois      #.......     100%        4    #####..
 Yara's Violent Unravell  Hex/Tmut       #.........   100%        4    #####..
 Aura of Abjuration       Summ           #.........   100%        5    ######.
 Blade Hands              Tmut           #.........   100%        5    ######.
 Bolt of Draining         Conj/Necr      #.........   100%        5    ######.
 Fireball                 Conj/Fire      #.........   100%        5    ######.
 Irradiate                Conj/Tmut      #.........   100%        5    ######.
 Iskenderun's Battlesphe  Conj/Chrm      #.......     100%        5    ######.
 Lee's Rapid Deconstruct  Erth           #.........   100%        5    ######.
 Lightning Bolt           Conj/Air       #.........   100%        5    ######.
 Metabolic Englaciation   Hex/Ice        #.........   100%        5    ######.
 Passage of Golubria      Tloc           N/A          100%        5    ######.
 Summon Demon             Summ           #.........   100%        5    ######.
 Summon Forest            Summ/Tloc      #.........   100%        5    ######.
 Summon Mana Viper        Hex/Summ       #.......     100%        5    ######.
 Tree Form                Hex/Tmut       N/A          100%        5    ######.
 Venom Bolt               Conj/Pois      #.........   100%        5    ######.
 Bolt of Cold             Conj/Ice       #.........   100%        6    #######
 Bolt of Fire             Conj/Fire      #.........   100%        6    #######
 Borgnjor's Vile Clutch   Necr/Erth      #.........   100%        6    #######
 Darkness                 Hex            #.........   100%        6    #######
 Deflect Missiles         Chrm/Air       #.........   100%        6    #######
 Freezing Cloud           Ice/Air        #.........   100%        6    #######
 Infestation              Hex/Tmut/Pois  #........    100%        6    #######
 Ozocubu's Refrigeration  Ice            #.........   100%        6    #######
 Poison Arrow             Conj/Pois      #.........   100%        6    #######
 Shadow Creatures         Summ           N/A          100%        6    #######
 Simulacrum               Ice/Necr       #.........   100%        6    #######
 Statue Form              Tmut/Erth      #........    100%        6    #######
 Steam Barrier            Chrm/Fire      #.........   100%        6    #######
 Summon Hydra             Summ           #.........   100%        6    #######
 Dragon Form              Tmut           #......      100%        7    #######
 Mana Rupture             Conj/Hex       #.........   100%        7    #######
 Chain Lightning          Conj/Air       #.........   100%        8    #######
 Ignition                 Fire           #.........   100%        8    #######
 Necromutation            Tmut/Necr      #.......     100%        8    #######
 Time Stop                Chrm/Tloc      N/A          100%        8    #######
 Dragon's Call            Summ           #.........   100%        9    #######
 Fire Storm               Conj/Fire      #.........   100%        9    #######


Dungeon Overview and Level Annotations

Branches:
Dungeon (12/12)            Temple (0/1) D:7            Lair (6/6) D:7
  Swamp (3/3) Lair:3       Spider (3/3) Lair:4        Slime (1/5) Lair:5
    Orc (1/1) D:9             Elf (0/3) Orc          Vaults (3/3) D:11
  Crypt (0/2) Vaults:2     Depths (0/5) D:12

Altars:
Ashenzari
Cheibriados
Dithmenos
Elyvilon
Fedhas
Gozag
Hepliaklqana
Kikubaaqudgha
Nemelex Xobeh
Okawaru
Qazlal
Ru
Sif Muna
Trog
Wu Jian
Yredelemnul
Beogh
Jiyva

Shops:
D:4 *   D:12 =   Orc !*[}   Vaults:2 *

Portals:
Pandemonium: Orc

Annotations:
D:3 3 runed translucent doors, lis82's ghost, weakling DgEE
Lair:1 3 runed translucent doors, Qoguh's ghost, novice VSRg
Lair:5 3 runed translucent doors, Plazmod's ghost, journeyman VSCj
Swamp:3 Bai Suzhen


Innate Abilities, Weirdness & Mutations

You are small and have problems with some larger weapons.
You have sharp toenails.
You are carnivorous and can eat meat at any time.
You are somewhat resistant to further mutation.
Your life essence is reduced to manifest your ancestor. (-10% HP)
You are partially covered in molten scales. (AC +2)
You expend magic power (3 MP) to strengthen your wands.


Message History

You are knocked back by the lance of force.
A +0 scimitar of slicing comes into view.
Evoke which item? (* to show all) (? for menu, Esc to quit)
Aiming: Corrosive Bolt
Press: ? - help, Shift-Dir - straight line, f - lich
Aim: a lich (heavily damaged, fast)
You feel a surge of power!
The bolt of acid hits the lich.
The lich is splashed with acid.
The acid corrodes the lich!
The lich is severely damaged.
Evoke which item? (* to show all) (? for menu, Esc to quit)
Aiming: Corrosive Bolt
Press: ? - help, Shift-Dir - straight line, f/p - lich
Aim: a lich (severely damaged, fast, covered in acid)
You feel a surge of power!
The bolt of acid hits the lich.
The lich is splashed with acid!
The lich seems to be corroded for longer.
The lich is almost destroyed.
The lich gestures at you while chanting.
The lance of force hits you!
You die...

#..# . #..# .. #..#
...#####..#
......#..# .......#
###############....#
..).).)○°....L..@..#
.......○...........#
####################


You could see a lich.

Vanquished Creatures
  Rupert (Lair:3)
  A thorn hunter (Swamp:1)
  A tengu reaver (Vaults:3)
  Donald (Orc)
  An azure jelly (Lair:5)
  2 frost giants (Vaults:2)
  The ghost of Killmatronix the Hand of Fortune, a journeyman DsAc of Nemelex Xobeh (Spider:1)
  Aizul (Vaults:2)
  An imperial myrmidon (Desolation)
  2 ghost moths (Spider:3)
  Louise (Swamp:3)
  2 emperor scorpions (Spider:3)
  The ghost of weresquid the Impaler, a journeyman DsAc of Qazlal (Spider:2)
  2 stone giants (Vaults:2)
  3 entropy weavers
  3 ironheart preservers
  5 very ugly things (Vaults:2)
  A deep elf annihilator (Vaults:2)
  A halazid warlock (Desolation)
  4 ragged hierophants (Desolation)
  3 crystal guardians (Desolation)
  Josephine (Lair:5)
  2 great orbs of eyes
  A fire dragon (Vaults:1)
  3 yaktaur captains
  6 servants of whispers
  5 ogre magi
  10 vault guards
  Erolcha (D:10)
  Psyche (D:12)
  7 peacekeepers (Desolation)
  4 centaur warriors
  15 hydras
  4 ice dragons
  3 death knights
  3 shambling mangroves
  A catoblepas (D:10)
  A queen ant (Spider:3)
  28 two-headed ogres
  Erica (Lair:1)
  11 alligators
  2 dancing weapons
  A vampire mage (Vaults:2)
  3 death yaks
  7 orc high priests (Orc)
  A tengu warrior (D:10)
  Sonja (Lair:2)
  2 deep elf knights
  A deep troll (shapeshifter) (Vaults:2)
  2 skeletal warriors (D:12)
  An unseen horror (D:12)
  3 wizards (Vaults:2)
  An infernal demonspawn (Orc)
  A spriggan druid (Swamp:3)
  A torturous demonspawn (Orc)
  A glowing orange brain (Vaults:1)
  10 ironbrand convokers
  A flayed ghost (Vaults:1)
  8 swamp dragons
  Pikel (D:8)
  5 deep elf archers
  3 lindwurms (Swamp:3)
  13 orb spiders
  A phantasmal warrior (Vaults:2)
  3 cyclopes
  6 orc knights
  22 wolf spiders
  2 shining eyes
  4 orc sorcerers (Orc)
  3 oklob plants
  4 deep elf magi
  2 manticores (D:11)
  17 ugly things
  4 moths of wrath
  4 elephants (Lair:5)
  Joseph (D:10)
  5 black mambas
  3 molten gargoyles (Desolation)
  6 vault sentinels
  A guardian serpent (shapeshifter) (D:12)
  A water nymph (shapeshifter) (D:12)
  2 centaur zombies (D:12)
  2 guardian serpents (Desolation)
  A smoke demon (Orc)
  An ice statue (IceCv)
  3 torpor snails
  17 cane toads
  4 rime drakes
  7 komodo dragons
  2 freezing wraiths (Vaults:1)
  9 demonic crawlers
  5 yaktaurs (Vaults:1)
  A redback zombie (D:12)
  A queen bee (Lair:6)
  23 jumping spiders
  3 meliai (Lair:6)
  15 polar bears
  6 trolls
  14 hornets
  47 saltlings
  15 tyrant leeches
  29 blink frogs
  A stone giant simulacrum (Vaults:2)
  6 bog bodies
  6 hippogriffs
  11 slime creatures
  20 dream sheep
  A fire giant simulacrum (Vaults:2)
  A frost giant simulacrum (Vaults:2)
  52 redbacks
  21 tarantellas
  A ynoxinul (Orc)
  16 spriggans
  3 shadows
  3 wyverns
  A human (D:9)
  39 yaks
  2 hungry ghosts
  3 wraiths
  5 basilisks
  8 vampire mosquitoes
  A chaos spawn (Orc)
  A warg (D:12)
  8 swamp worms
  Edmund (D:6)
  7 soldier ants
  3 insubstantial wisps (Swamp:3)
  11 water moccasins
  An acid dragon (D:10)
  8 porcupines
  25 orc warriors
  5 ice beasts
  2 sky beasts
  5 black bears
  10 swamp drakes
  3 phantoms
  3 slaves (D:7)
  16 ogres
  3 boggarts (Lair:6)
  An eye of draining (D:10)
  31 wolves
  4 centaurs
  3 crocodiles
  11 bullfrogs
  A scorpion (D:10)
  2 hexers
  7 killer bees (Lair:6)
  5 electric eels
  3 wights
  3 howler monkeys
  5 crimson imps
  A quasit (D:10)
  A bullfrog skeleton (D:5)
  2 jellies (D:6)
  16 orc priests
  Crazy Yiuf (D:5)
  4 hounds
  9 orc wizards
  4 centaur skeletons
  Terence (D:3)
  2 iguanas
  16 worker ants
  7 ogre zombies (D:9)
  A hound skeleton (D:3)
  2 howler monkey skeletons
  14 adders
  5 shadow imps
  A white imp (Vaults:2)
  An ooze (D:6)
  An adder zombie (D:7)
  5 worms
  8 leopard geckos
  80 orcs
  2 ball pythons
  5 giant cockroaches
  6 goblins
  7 hobgoblins
  7 jackals
  12 kobolds
  4 quokkas
  3 bats
  5 frilled lizards
  A goblin skeleton (D:9)
  2 goblin zombies (D:9)
  3 hobgoblin zombies (D:9)
  An orc skeleton (D:9)
  13 orc zombies (D:9)
  8 rats
  A fungus (D:12)
1162 creatures vanquished.

Vanquished Creatures (collateral kills)
  A frost giant (IceCv)
  2 ghost moths
  A stone giant (Vaults:1)
  A spark wasp (Spider:3)
  An ogre mage (Vaults:1)
  A ragged hierophant (Desolation)
  A vault guard (Vaults:3)
  A hydra (Swamp:3)
  A death knight (D:12)
  A dancing weapon (D:11)
  A two-headed ogre (Vaults:2)
  Nergalle (Orc)
  A skeletal warrior (D:12)
  An infernal demonspawn (Orc)
  A swamp dragon (Swamp:3)
  A gelid demonspawn (Orc)
  An orc knight (Orc)
  2 ugly things (Vaults:1)
  2 orb spiders
  An orc sorcerer (Orc)
  2 oklob plants
  An elephant (Lair:5)
  A centaur skeleton (D:12)
  A rust devil (Orc)
  2 vault sentinels
  A gargoyle (D:10)
  4 cane toads
  A komodo dragon (Lair:2)
  3 demonic crawlers
  A red devil (Orc)
  A jumping spider (Spider:3)
  5 saltlings (Desolation)
  3 hornets
  3 polar bears (IceCv)
  2 tyrant leeches (Swamp:2)
  A troll (D:7)
  2 hippogriffs
  A hornet (shapeshifter) (Vaults:1)
  4 blink frogs
  2 slime creatures
  6 dream sheep
  2 spriggans
  4 wraiths
  3 redbacks
  11 yaks
  A human (D:9)
  2 basilisks
  A vampire mosquito (Swamp:3)
  A chaos spawn (Orc)
  2 soldier ants
  A warg (Orc)
  3 swamp worms
  6 orc warriors
  2 swamp drakes (Swamp:3)
  A black bear (D:8)
  9 wolves
  4 ogres
  An eye of draining (D:9)
  2 boggarts
  A centaur (D:6)
  2 bullfrogs
  A wight (D:9)
  3 killer bees (Lair:6)
  A hound (D:6)
  6 orc priests
  A bullfrog skeleton (D:6)
  5 worker ants
  An ogre zombie (D:9)
  A white imp (Abyss:1)
  2 adder zombies
  A leopard gecko (D:3)
  17 orcs
  A jackal (D:4)
  2 hobgoblin zombies (D:9)
  An orc skeleton (D:9)
  2 orc zombies (D:9)
  A bush (D:12)
  A fungus (Lair:6)
  A plant (Lair:6)
177 creatures vanquished.

Vanquished Creatures (others)
  3 polar bears (IceCv)
  2 redbacks (Spider:3)
  A yak (IceCv)
  An orc warrior (Orc)
  6 wolves
  An ogre (Vaults:2)
  A killer bee (Lair:6)
  48 hexers
  An iguana (D:7)
  9 ancestors
  27 fungi
  33 plants
  A starspawn tentacle (Abyss:1)
134 creatures vanquished.

Grand Total: 1473 creatures vanquished

Notes
Turn   | Place    | Note
-------+----------+-------------------------------------------
     0 | D:1      | cunnyseurTrue the Kobold Hunter began the quest for the
                  | Orb.
     0 | D:1      | Reached XP level 1. HP: 14/14 MP: 1/1
   132 | D:1      | Reached XP level 2. HP: 13/20 MP: 2/2
   297 | D:1      | Reached skill level 5 in Slings
   523 | D:1      | Reached XP level 3. HP: 25/25 MP: 3/3
   796 | D:2      | Reached skill level 3 in Dodging
   920 | D:2      | Found a shattered altar of Ashenzari.
  1418 | D:2      | Reached XP level 4. HP: 30/30 MP: 4/4
  2371 | D:3      | Reached XP level 5. HP: 36/36 MP: 5/5
  2557 | D:3      | Noticed Terence
  2586 | D:3      | Killed Terence
  2735 | D:3      | Reached skill level 1 in Short Blades
  2748 | D:3      | Found an ancient bone altar of Kikubaaqudgha.
  2770 | D:3      | Found a hazy altar of Hepliaklqana.
  2821 | D:3      | Reached XP level 6. HP: 37/43 MP: 6/6
  2916 | D:3      | Found a runed translucent gate.
  2918 | D:3      | Found a runed translucent gate.
  2918 | D:3      | Found a runed translucent gate.
  2921 | D:3      | Noticed lis82's ghost (weakling DgEE)
  2932 | D:3      | Found a faded altar of an unknown god.
  2978 | D:3      | Became a worshipper of Hepliaklqana the Forgotten
  3569 | D:4      | Noticed an ogre
  3592 | D:4      | Killed an ogre
  3595 | D:4      | Reached XP level 7. HP: 40/44 MP: 7/7
  3971 | D:4      | Found Ashasuz's Serpentskin Sales.
  3982 | D:4      | Reached skill level 5 in Fighting
  4064 | D:4      | Reached XP level 8. HP: 51/51 MP: 8/8
  4218 | D:4      | Found a basalt altar of Yredelemnul.
  4361 | D:5      | Entered Level 5 of the Dungeon
  4424 | D:5      | Noticed a two-headed ogre
  4708 | D:5      | Found a runed door.
  5158 | D:5      | Found a shadowy altar of Dithmenos.
  5246 | D:5      | Killed a two-headed ogre
  5246 | D:5      | Reached XP level 9. HP: 59/59 MP: 7/9
  5282 | D:5      | Reached skill level 10 in Slings
  5437 | D:5      | Noticed Crazy Yiuf
  5464 | D:5      | Killed Crazy Yiuf
  6099 | D:6      | Found a stormy altar of Qazlal.
  6195 | D:6      | Reached * piety under Hepliaklqana
  6208 | D:6      | Noticed a hippogriff
  6218 | D:6      | Killed a hippogriff
  6294 | D:6      | Noticed Edmund
  6329 | D:6      | Killed Edmund
  6366 | D:6      | Found a sparkling altar of Nemelex Xobeh.
  6693 | D:6      | Reached XP level 10. HP: 67/67 MP: 10/10
  7066 | D:6      | Reached skill level 10 in Fighting
  7133 | D:7      | Found a staircase to the Ecumenical Temple.
  7134 | D:7      | Noticed a five-headed hydra
  7144 | D:7      | Noticed a centaur warrior
  7155 | D:7      | HP: 2/68 [ogre/+0 giant club (14)]
  8171 | D:7      | Reached skill level 5 in Stealth
  8175 | D:7      | Reached skill level 4 in Dodging
  8492 | D:7      | Killed a five-headed hydra
  8492 | D:7      | Reached skill level 5 in Dodging
  8551 | D:7      | Reached skill level 6 in Dodging
  8615 | D:7      | Killed a centaur warrior
  8615 | D:7      | Reached skill level 8 in Dodging
  8615 | D:7      | Reached XP level 11. HP: 53/72 MP: 11/11
  8782 | D:7      | Found a sacrificial altar of Ru.
  8868 | D:7      | Found a staircase to the Lair.
  9240 | D:8      | Reached skill level 9 in Dodging
  9274 | D:8      | Noticed Pikel
  9465 | D:8      | Killed Pikel
  9581 | D:8      | Reached skill level 10 in Dodging
  9731 | D:8      | Found a blossoming altar of Fedhas.
  9733 | D:8      | Reached ** piety under Hepliaklqana
  9734 | D:8      | Remembered your ancestor Citlalmina as a hexer
  9837 | D:8      | Found a bloodstained altar of Trog.
  9934 | D:8      | Found an opulent altar of Gozag.
  9967 | D:8      | Found an ornate altar of the Wu Jian Council.
  9975 | D:8      | Found a snail-covered altar of Cheibriados.
  9978 | D:8      | Found a shimmering blue altar of Sif Muna.
  9979 | D:8      | Found a shadowy altar of Dithmenos.
 10172 | D:9      | Reached skill level 1 in Shields
 10463 | D:9      | Reached skill level 5 in Short Blades
 10526 | D:9      | Found an iron altar of Okawaru.
 10695 | D:9      | Noticed a two-headed ogre
 10783 | D:9      | Found a staircase to the Orcish Mines.
 10835 | D:8      | Reached skill level 11 in Dodging
 11340 | D:9      | Noticed a cyclops
 11359 | D:9      | Killed a cyclops
 11543 | D:9      | Found a roughly hewn altar of Beogh.
 11644 | D:9      | Reached XP level 12. HP: 28/78 MP: 12/12
 12023 | Lair:1   | Entered Level 1 of the Lair of Beasts
 12268 | Lair:1   | Reached skill level 5 in Shields
 12324 | Lair:1   | Found a runed translucent gate.
 12324 | Lair:1   | Found a runed translucent gate.
 12324 | Lair:1   | Found a runed translucent gate.
 12328 | Lair:1   | Noticed Qoguh's ghost (novice VSRg)
 12480 | Lair:1   | Reached *** piety under Hepliaklqana
 12570 | Lair:1   | Reached skill level 12 in Dodging
 13345 | Lair:1   | Noticed Erica
 13375 | Lair:1   | Killed Erica
 14513 | Lair:2   | Reached skill level 10 in Short Blades
 15018 | Lair:2   | Reached XP level 13. HP: 82/82 MP: 13/13
 15486 | Lair:2   | Noticed Sonja
 15494 | Lair:2   | Killed Sonja
 15652 | Lair:2   | Noticed a four-headed hydra
 15667 | Lair:2   | Killed a four-headed hydra
 16063 | Lair:3   | Reached skill level 10 in Shields
 16095 | Lair:3   | Reached skill level 1 in Armour
 16131 | Lair:3   | Found a staircase to the Swamp.
 16214 | Lair:3   | Reached **** piety under Hepliaklqana
 16284 | Lair:3   | Noticed Rupert
 16304 | Lair:3   | Killed Rupert
 16402 | Lair:3   | Noticed a six-headed hydra
 16410 | Lair:3   | Killed a six-headed hydra
 16649 | Lair:3   | Noticed a six-headed hydra
 16663 | Lair:3   | Killed a six-headed hydra
 17700 | Lair:4   | Gained mutation: You expend magic power (3 MP) to
                  | strengthen your wands. [potion of mutation]
 17700 | Lair:4   | Gained mutation: You are partially covered in molten
                  | scales. (AC +2) [potion of mutation]
 17862 | Lair:4   | Found a hole to the Spider Nest.
 18036 | Lair:4   | Reached skill level 10 in Stealth
 18347 | D:4      | Bought cursed +0 swamp dragon scales for 539 gold pieces
 18592 | Lair:4   | Reached ***** piety under Hepliaklqana
 18875 | Lair:5   | Reached XP level 14. HP: 79/89 MP: 14/14
 19164 | Lair:5   | Reached skill level 5 in Armour
 19631 | Lair:5   | Noticed Josephine
 20114 | Lair:5   | Found a runed translucent gate.
 20115 | Lair:5   | Found a runed translucent gate.
 20117 | Lair:5   | Found a runed translucent gate.
 20119 | Lair:5   | Noticed Plazmod's ghost (journeyman VSCj)
 20526 | Lair:5   | Found a viscous altar of Jiyva.
 20527 | Lair:5   | Found a staircase to the Slime Pits.
 20841 | Lair:5   | Killed Josephine
 21137 | Lair:6   | Entered Level 6 of the Lair of Beasts
 22324 | Lair:6   | Reached XP level 15. HP: 92/92 MP: 15/15
 22467 | Lair:6   | Reached skill level 1 in Invocations
 23785 | Orc      | Entered the Orcish Mines
 23990 | Orc      | Found a roughly hewn altar of Beogh.
 24301 | Orc      | Noticed Nergalle
 24478 | Orc      | Killed Nergalle
 24531 | Orc      | Found a roughly hewn altar of Beogh.
 24666 | Orc      | Found Ykkarus's Distillery.
 24667 | Orc      | Found Icial's General Store.
 24963 | Orc      | Found a staircase to the Elven Halls.
 24968 | Orc      | Noticed Donald
 24992 | Orc      | Killed Donald
 25530 | Orc      | Reached skill level 13 in Dodging
 25574 | Orc      | Reached skill level 5 in Invocations
 25732 | Orc      | Bought a potion of heal wounds for 50 gold pieces
 25734 | Orc      | Bought a potion of cancellation for 88 gold pieces
 25734 | Orc      | Bought a potion of heal wounds for 55 gold pieces
 25734 | Orc      | Bought 2 potions of heal wounds for 110 gold pieces
 25734 | Orc      | Bought a potion of curing for 33 gold pieces
 25734 | Orc      | Bought a potion of curing for 33 gold pieces
 25734 | Orc      | Bought a potion of heal wounds for 55 gold pieces
 25753 | Orc      | Paralysed by an orc sorcerer for 3 turns
 27082 | Orc      | Found Afuu's Antique Armour Emporium.
 27082 | Orc      | Found a one-way gate leading to the halls of Pandemonium.
 27082 | Orc      | Found Meaf's Gadget Shoppe.
 27214 | D:10     | Entered Level 10 of the Dungeon
 27282 | D:10     | Noticed Erolcha
 27291 | D:10     | Killed Erolcha
 27577 | D:10     | Noticed Joseph
 27584 | D:10     | Killed Joseph
 27584 | D:10     | Reached XP level 16. HP: 102/102 MP: 20/20
 27623 | D:10     | Found a white marble altar of Elyvilon.
 27684 | D:10     | Reached skill level 14 in Dodging
 28353 | D:11     | Found a frozen archway.
 28382 | IceCv    | Entered an ice cave
 28929 | IceCv    | Found the +9 staff of Olgreb {rPois}
 30229 | IceCv    | Noticed a frost giant
 30252 | IceCv    | Killed a frost giant
 30331 | IceCv    | Found the +0 pair of fencer's gloves {Riposte Dex+6}
 30526 | D:11     | Found a gate to the Vaults.
 30547 | D:11     | Reached skill level 15 in Dodging
 30869 | D:11     | Reached skill level 1 in Long Blades
 31148 | D:12     | Entered Level 12 of the Dungeon
 31817 | D:12     | Noticed Psyche
 31844 | D:12     | Killed Psyche
 31858 | D:12     | Found Ehipn's Jewellery Emporium.
 32131 | D:12     | Found a staircase to the Depths.
 33389 | Orc      | Bought the +2 ratskin cloak {+Rats rPois rN+ Str-1 Int-1
                  | Dex+1} for 1000 gold pieces
 33389 | Orc      | Found the +2 ratskin cloak {+Rats rPois rN+ Str-1 Int-1
                  | Dex+1}
 33615 | Swamp:1  | Entered Level 1 of the Swamp
 33615 | Swamp:1  | Noticed a thorn hunter
 33617 | Swamp:1  | Killed a thorn hunter
 33617 | Swamp:1  | Reached skill level 1 in Evocations
 33646 | Swamp:1  | Reached XP level 17. HP: 58/112 MP: 2/21
 35692 | Swamp:2  | Reached skill level 5 in Evocations
 35955 | Swamp:2  | Got a pair of ichor-stained boots
 36323 | Swamp:3  | Entered Level 3 of the Swamp
 36323 | Swamp:3  | Reached ****** piety under Hepliaklqana
 36426 | Swamp:3  | Noticed Louise
 36431 | Swamp:3  | Cast into level 1 of the Abyss (Louise)
 36458 | Abyss:1  | Identified the +2 pair of boots of a bazaar {rElec rF-
                  | rCorr Stlth+} (You found it on level 2 of the Swamp)
 36478 | Abyss:1  | Noticed a tentacled starspawn
 36494 | Swamp:3  | Escaped the Abyss
 36516 | Swamp:3  | Killed Louise
 36516 | Swamp:3  | Reached skill level 16 in Dodging
 36743 | Swamp:3  | Noticed Bai Suzhen
 38109 | Swamp:3  | Reached XP level 18. HP: 115/117 MP: 23/23
 38281 | Swamp:3  | Got a decaying rune of Zot
 38863 | Lair:1   | Identified the ring of the Lich-sworn {*Contam rPois rN+
                  | Str+4 Dex+4}
 38971 | Spider:1 | Entered Level 1 of the Spider Nest
 39084 | Spider:1 | Identified the +1 robe "Dol Puta" {MR+}
 39304 | Spider:1 | Found a runed translucent door.
 39627 | Spider:1 | Noticed Killmatronix's ghost (journeyman DsAc)
 39741 | Spider:2 | Reached skill level 17 in Dodging
 39826 | Spider:2 | Identified the +1 flail "Jenn" {crush, *Corrode rC+ Str+3
                  | Dex+2}
 40085 | Spider:2 | Found a runed translucent gate.
 40086 | Spider:2 | Found a runed translucent gate.
 40087 | Spider:2 | Found a runed translucent gate.
 40089 | Spider:2 | Noticed weresquid's ghost (journeyman DsAc)
 40228 | Spider:2 | Killed weresquid's ghost
 41326 | Spider:3 | Entered Level 3 of the Spider Nest
 41400 | Spider:3 | Reached skill level 10 in Evocations
 41971 | Spider:3 | Reached skill level 18 in Dodging
 42787 | Spider:3 | Reached XP level 19. HP: 38/122 MP: 0/26
 42868 | Spider:3 | Reached skill level 15 in Stealth
 43511 | Spider:3 | Got a gossamer rune of Zot
 43856 | Slime:1  | Entered Level 1 of the Pits of Slime
 44480 | Vaults:1 | Entered Level 1 of the Vaults
 44759 | Vaults:1 | Reached skill level 15 in Fighting
 45031 | Vaults:1 | Reached skill level 10 in Armour
 46928 | Spider:1 | Killed Killmatronix's ghost
 46932 | Spider:1 | Identified the +6 dagger "Hydra's Death" {pierce, +Rage
                  | rPois rN+ SInv}
 47663 | Vaults:2 | Found a ruined gateway.
 47685 | Desolati | Entered the Desolation of Salt
 47849 | Desolati | Found the +18 shield of the Gong {rElec rN+ MR+ EV-5}
 47861 | Desolati | Reached XP level 20. HP: 110/132 MP: 22/27
 47901 | Desolati | Identified the +9 short sword "Stringbean" {pain, MR- Int+8
                  | Stlth+}
 48434 | Desolati | Identified the Volume of Envenoming
 48436 | Desolati | Identified Xavov's Incunabulum of Good Luck
 48516 | Desolati | Identified the ring "Fotwen" {rC+ rN++ MR+}
 48550 | Desolati | Identified Zoanuf's Reference Book on Translocation and the
                  | Birds
 49010 | Desolati | Identified the Almanac of the Turnip
 49119 | Desolati | Identified the Reference Book on Boosting Envenoming
 49121 | Desolati | Identified the ring "Vepyih" {rC+ Dex+2}
 49123 | Desolati | Identified the ring of Bockomit {rElec MR+ Int+6 Dex+3
                  | Stlth-}
 49548 | Vaults:2 | Found Oceijusk's General Store.
 49549 | Vaults:2 | Noticed Aizul
 49574 | Vaults:2 | Killed Aizul
 50194 | Vaults:2 | Found a staircase to the Crypt.
 51278 | Vaults:2 | Found the cursed +4 dagger "Morg" {pain, MR+ Int+12 *Curse}
 51384 | Vaults:2 | Reached XP level 21. HP: 113/137 MP: 23/28
 51733 | Orc      | Bought twisted acid dragon scales for 1620 gold pieces
 51733 | Orc      | Identified the cursed +1 acid dragon scales of Molli {rElec
                  | rCorr Dex+4} (You bought it in a shop in the Orcish Mines)
 51958 | Vaults:3 | Entered Level 3 of the Vaults
 52045 | Vaults:2 | Reached skill level 15 in Shields
 52415 | Vaults:3 | Reached skill level 19 in Dodging
 52606 | Vaults:3 | Killed from afar by a lich

Skill      XL: |  1  2  3  4  5  6  7  8  9 10 11 12 13 14 15 16 17 18 19 20 21 |
---------------+----------------------------------------------------------------+-----
Stealth        | 2 3 4 8 10 13 14 16 | 16.0
Slings         | 5 6 7 9 11 12 13 | 13.4
Dodging        | 3 8 11 12 13 15 16 18 19 | 19.0
Fighting       | 3 4 5 8 9 10 12 14 16 | 16.0
Short Blades   | 1 3 4 6 10 12 14 | 14.4
Shields        | 4 8 11 12 13 14 15 | 15.2
Armour         | 4 8 11 12 | 12.0
Invocations    | 6 |  6.0
Long Blades    | 4 |  4.3
Evocations     | 1 7 10 | 10.0

Action                   |  1- 3 |  4- 6 |  7- 9 | 10-12 | 13-15 | 16-18 | 19-21 || total
-------------------------+-------+-------+-------+-------+-------+-------+-------++-------
Melee: Short sword       |    64 |    95 |     6 |   513 |  1509 |  1661 |  1131 ||  4979
       Kick              |    16 |    23 |     1 |   204 |   582 |   470 |   644 ||  1940
       Hunting sling     |       |       |     1 |     2 |       |       |       ||     3
       Unarmed           |       |       |       |       |     2 |       |       ||     2
       Long sword        |       |       |       |       |       |   207 |       ||   207
 Fire: Hunting sling     |    46 |   106 |   270 |   344 |   242 |   115 |     5 ||  1128
Throw: Tomahawk          |       |       |     2 |    15 |     6 |       |       ||    23
Invok: Recall Ancestor   |       |       |     1 |     4 |     3 |     4 |     3 ||    15
       Ancestor Life: He |       |       |       |     1 |       |       |       ||     1
       Transference      |       |       |       |       |       |     2 |     2 ||     4
       Incarnate         |       |       |       |       |       |       |     1 ||     1
 Abil: Evoke Ratskin     |       |       |       |       |       |     1 |     2 ||     3
       Evoke Berserk Rag |       |       |       |       |       |     1 |       ||     1
Evoke: Wand              |       |       |       |     1 |     9 |    11 |     7 ||    28
       Lightning rod     |       |       |       |       |       |     1 |       ||     1
       Phial of floods   |       |       |       |       |       |     1 |     2 ||     3
       Fan of gales      |       |       |       |       |       |       |     1 ||     1
  Use: Scroll            |       |     3 |       |     8 |    10 |    14 |     8 ||    43
       Potion            |       |       |       |     4 |     2 |     3 |     5 ||    14
 Stab: Sleeping          |     1 |     1 |       |     5 |     9 |    25 |    21 ||    62
       Fleeing           |       |       |       |     1 |       |       |       ||     1
       Distracted        |       |       |       |     7 |    19 |    30 |    20 ||    76
       Confused          |       |       |       |    10 |    18 |    25 |    50 ||   103
       Paralysed         |       |       |       |       |    10 |    38 |    15 ||    63
  Eat: Chunk             |     1 |     7 |     9 |    35 |    32 |    44 |    23 ||   151
       Ration            |       |       |       |       |     2 |     3 |     5 ||    10
Armor: Leather armour    |     6 |       |       |       |       |       |       ||     6
       Ring mail         |    13 |    31 |       |       |       |       |       ||    44
       Scale mail        |       |    13 |    26 |    99 |    17 |       |       ||   155
       Swamp dragon scal |       |       |       |       |    95 |       |       ||    95
       Chain mail        |       |       |       |       |    30 |   510 |   214 ||   754
Dodge: Dodged            |    54 |    96 |    46 |   308 |   614 |  1221 |   559 ||  2898
Block: Shield            |       |       |       |   209 |   375 |       |       ||   584
       Buckler           |       |       |       |       |   161 |   701 |   324 ||  1186
       Reflection        |       |       |       |       |       |       |    13 ||    13
       Rpst.: Long sword |       |       |       |       |       |    39 |       ||    39
       Short sword       |       |       |       |       |       |   176 |   123 ||   299
       Hunting sling     |       |       |       |       |       |     4 |       ||     4
